 Dungeon Crawl Stone Soup version 0.13-a0-2816-gd8154f0 (webtiles) character file.

528 PolkaDot the Covert (level 6, -6/44 HPs)
             Began as a Vampire Assassin on Aug 26, 2013.
             Mangled by Grinder (7 damage)
             ... on Level 3 of the Dungeon.
             The game lasted 00:13:48 (3295 turns).

PolkaDot the Covert (Vampire Assassin)              Turns: 3295, Time: 00:13:48

HP  -6/44        AC  3     Str 10      XL: 6   Next: 20%
MP   6/6         EV 14     Int 13      God:
Gold 213         SH  0     Dex 17      Spells:  0 memorised,  5 levels left

Res.Fire  : x . .   See Invis. : +   a - +3,+1 elf dagger (venom)
Res.Cold  : + + +   Warding    : .   c - +0 robe
Life Prot.: + + +   Conserve   : .   (no shield)
Res.Poison: +       Res.Corr.  : .   (no helmet)
Res.Elec. : .       Clarity    : .   u - +0 cloak
Sust.Abil.: + .     Spirit.Shd : .   (no gloves)
Res.Mut.  : .       Stasis     : .   (no boots)
Res.Rott. : +       Flight     : .   (no amulet)
Saprovore : . . .                    t - ring of ice
                                     k - ring of sustain abilities {unknown}

@: regenerating slowly, about to teleport, slightly resistant to hostile
enchantments, extremely stealthy
A: bottle blood, fangs 3, see invisible, unbreathing
a: Bat Form, Bottle Blood


You were on level 3 of the Dungeon.
You were near bloodless.

You visited 1 branch of the dungeon, and saw 3 of its levels.

You collected 163 gold pieces.

Inventory:

Hand weapons
 a - a +3,+1 elven dagger of venom (weapon)
 b - a +0 blowgun
 j - a +2,+2 dagger
Missiles
 e - 21 poisoned needles
 f - 2 curare-tipped needles
 A - a throwing net (quivered)
Armour
 c - a +0 robe (worn)
 d - a +0 cloak
 u - a +0 cloak (worn)
Magical devices
 v - a wand of random effects (1)
Scrolls
 i - a scroll of curse jewellery {unknown}
 l - 6 scrolls of remove curse {unknown}
 n - 12 scrolls of identify {unknown}
 s - a scroll of blinking {unknown}
 w - 2 scrolls of amnesia
 x - a scroll of recharging {unknown}
 y - a scroll of teleportation
 z - a scroll of magic mapping {unknown}
 C - 2 scrolls of fog {unknown}
Jewellery
 k - a ring of sustain abilities (left hand) {unknown}
 t - a ring of ice (right hand)


   Skills:
 - Level 1.7 Fighting
 * Level 4.4 Short Blades
 - Level 1.5 Throwing
 + Level 3.2 Dodging
 * Level 8.9 Stealth


You had 5 spell levels left.
You didn't know any spells.

Dungeon Overview and Level Annotations

Branches:
Dungeon (3/27)

Altars:
Elyvilon
Sif Muna

Annotations:
D:3 Grinder


Innate Abilities, Weirdness & Mutations

You heal slowly.
You can bottle blood from corpses.
You have razor-sharp teeth.*
You have supernaturally acute eyesight.
You can survive without breathing.*


Message History

Pain shoots through your body!
* * * LOW HITPOINT WARNING * * *
You barely miss Grinder.
Grinder is heavily wounded.
Grinder hits you!
* * * LOW HITPOINT WARNING * * *
Read which item? (? for menu, Esc to quit)
As you read the scroll labeled DINEIM EWKAA, it crumbles to dust.
Nothing appears to happen.
Grinder misses you.
You aren't carrying any potions.
Read which item? (? for menu, Esc to quit)
As you read the scroll labeled DIARYPH ITERUN, it crumbles to dust.
You feel forgetful for a moment.
It was a scroll of amnesia.
You feel a little less agile now. Grinder hits you but does no damage.
Read which item? (? for menu, Esc to quit)
As you read the scroll labeled GYRATI RASTRU, it crumbles to dust.
You feel strangely unstable.
It was a scroll of teleportation.
Grinder hits you!
You die...

#..# #..... #.## #.....
#.# #..... #[# ######
#.# # #)# ## #o# #. #5#
#. ######@##### #####'
#..........# #.....
#..........# #.....
#..........# #.....
#.........[# #.....
#..........# #.....
#.<..).....##### #.....
#..............###.....
#..........###...'.....


You could see Grinder and an orc wizard.

Vanquished Creatures
  Purgy (D:3)
  The ghost of katzbalger the Sneak, an average NaAs (D:3)
  An orc priest (D:3)
  4 adders
  2 worms
  3 giant geckos
  An ooze (D:1)
  6 orcs (D:3)
  9 bats
  4 giant cockroaches
  11 hobgoblins
  5 jackals
  A quokka (D:2)
  5 giant newts
  11 goblins
  7 kobolds
  8 rats
80 creatures vanquished.

Notes
Turn   | Place    | Note
--------------------------------------------------------------
     0 | D:1      | PolkaDot, the Vampire Assassin, began the quest for the Orb.
     0 | D:1      | Reached XP level 1. HP: 15/15 MP: 1/1
    39 | D:1      | Reached skill level 6 in Stealth
   347 | D:1      | Reached XP level 2. HP: 21/21 MP: 2/2
  1167 | D:2      | Reached XP level 3. HP: 26/26 MP: 3/3
  1621 | D:2      | Reached skill level 7 in Stealth
  1889 | D:2      | Found a white marble altar of Elyvilon.
  1968 | D:2      | Reached XP level 4. HP: 28/32 MP: 4/4
  2323 | D:3      | Noticed Purgy
  2325 | D:3      | Killed Purgy
  2325 | D:3      | Reached skill level 8 in Stealth
  2325 | D:3      | Reached XP level 5. HP: 38/38 MP: 5/5
  2651 | D:3      | Noticed katzbalger's ghost (average NaAs)
  2658 | D:3      | Paralysed by a potion of paralysis for 1 turns
  2669 | D:3      | Killed katzbalger's ghost
  2669 | D:3      | Reached XP level 6. HP: 32/44 MP: 6/6
  2678 | D:3      | Found a deep blue altar of Sif Muna.
  3138 | D:3      | Noticed Grinder
  3238 | D:3      | Paralysed by Grinder for 6 turns
  3247 | D:3      | Paralysed by Grinder for 2 turns
  3274 | D:3      | Paralysed by Grinder for 5 turns
  3292 | D:3      | HP: 1/44 [Grinder (8)]
  3295 | D:3      | Mangled by Grinder

Action                   |  1- 3 |  4- 6 || total
-------------------------+-------+-------++-------
Melee: Dagger            |   125 |   157 ||   282
 Fire: Blowgun           |     2 |       ||     2
Evoke: Wand              |       |     4 ||     4
  Use: Potion            |       |    11 ||    11
       Scroll            |       |     3 ||     3
 Stab: Sleeping          |    19 |     6 ||    25
       Distracted        |     2 |     2 ||     4
